 Dungeon Crawl Stone Soup version 0.29-a0-542-g075992c915 (webtiles) character file.

Game seed: 6263357334124846636

55 porpoise the Insei (level 3, 0/28 HPs)
             Began as a Merfolk Transmuter on June 4, 2022.
             Slain by Robin
             ... wielding a +0 trident
              (3 damage)
             ... on level 2 of the Dungeon.
             The game lasted 00:06:15 (1462 turns).

porpoise the Insei (Merfolk Transmuter)             Turns: 1462, Time: 00:06:16

Health: 0/28       AC:  6    Str: 12    XL:     3   Next: 93%
Magic:  6/6        EV: 11    Int: 12    God:
Gold:   88         SH:  0    Dex: 14    Spells: 5/6 levels left

rFire   + . .      SeeInvis .     - Unarmed
rCold   . . .      Faith    .   (no shield)
rNeg    . . .      Spirit   .   c - +1 ring mail {rF+}
rPois   .          Reflect  .   (no helmet)
rElec   .          Harm     .   (no cloak)
rCorr   .          Rampage  .   (no gloves)
Will    +....                   (no boots)
Stlth   +.........              j - amulet of magic regeneration
HPRegen 0.09/turn               m - ring of willpower
MPRegen 0.50/turn               (no ring)

@: no status effects
A: (nimble swimmer 2), mertail
a: no special abilities


You were on level 2 of the Dungeon.
You visited 1 branch of the dungeon, and saw 2 of its levels.

You collected 88 gold pieces.

Inventory:

Hand Weapons
 b - a +0 hunting sling
 o - a +2 dagger of freezing
Missiles
 f - 3 atropa-tipped darts
Armour
 c - a +1 ring mail of fire resistance (worn)
Jewellery
 j - an amulet of magic regeneration (around neck)
 m - a ring of willpower (left hand)
Scrolls
 a - a scroll of fear {unknown}
 e - 2 scrolls of enchant weapon {unknown}
 h - 2 scrolls of identify {unknown}
 i - a scroll of fog {unknown}
 l - a scroll of poison {unknown}
 n - a scroll of acquirement {unknown}
Potions
 d - 2 potions of curing
 g - a potion of mutation {unknown}
 k - a potion of lignification


   Skills:
 * Level 2.6 Fighting
 + Level 0.7 Armour
 - Level 2.6 Dodging
 * Level 4.2 Unarmed Combat
 - Level 2.0 Spellcasting
 - Level 2.6 Transmutations


You had 5 spell levels left.
You knew the following spells:

 Your Spells              Type           Power      Damage    Failure   Level
a - Beastly Appendage     Tmut           14%        N/A       21%         1

Your spell library contained the following spells:

 Spells                   Type           Power      Damage    Failure   Level
 Wereblood                Tmut           7%         N/A       30%         2
 Spider Form              Tmut/Pois      4%         N/A       71%         3
 Ice Form                 Ice/Tmut       4%         N/A       98%         4


Dungeon Overview and Level Annotations

Branches:
Dungeon (2/15)

Altars:

Annotations:
D:2 Robin


Innate Abilities, Weirdness & Mutations

((You are very nimble when in or above water. (Stealth+, EV+, Speed+++)))
Your lower body shifts to a powerful aquatic tail in water.


Message History

The hobgoblin barely misses you. x2
You shoot a sling bullet.
The sling bullet barely misses the hobgoblin.
The sling bullet hits the goblin.
The goblin is severely wounded.
Robin throws the goblin at you!
The hobgoblin hits you but does no damage.
A goblin comes into view. It is wielding a +0 dagger.
The goblin hits you with a +0 club. x3
The goblin unwields a +0 club.
The goblin wields a +0 hunting sling.
The goblin shoots a sling bullet.
The sling bullet misses you. The goblin hits you with a +0 club.
The goblin barely misses you.
You shoot a sling bullet. The sling bullet hits the goblin.
You kill the goblin!
The hobgoblin barely misses you. x2; The goblin hits you but does no damage.
The goblin unwields a +0 hunting sling.
The goblin wields a +0 club.
The goblin hits you but does no damage.
You shoot a sling bullet. The sling bullet hits the hobgoblin.
The hobgoblin is almost dead.
A goblin comes into view. It is wielding a +0 dagger.
Robin throws the goblin at you! The goblin hits you with a +0 dagger.
The goblin hits you with a +0 club. The hobgoblin closely misses you.
The goblin completely misses you.
You are too injured to fight recklessly!
Really attack while wielding your +0 hunting sling?
Okay, then.
Unknown command.
You are now empty-handed.
The goblin shouts!
Robin barely misses you. The goblin hits you with a +0 club.
* * * LOW HITPOINT WARNING * * *
The goblin misses you. The hobgoblin hits you.
* * * LOW HITPOINT WARNING * * *
It was a potion of curing.
You feel better. The goblin hits you with a +0 club.
* * * LOW HITPOINT WARNING * * *
The goblin hits you with a +0 club.
* * * LOW HITPOINT WARNING * * *
Robin says, "Kneel, worm!"
Robin hits you from afar with a +0 trident.
You die...

#.####.########..........#...
.. #.# #.#
#..######..####.### #.# #.#
#..# #..# # #.# #.# #.g# #..#
#.# #.# #..# #..# #)# #.#
#..# #..# #.# #.# #gg# #.#
#.# #gg# #.# #.# #g@# #.# #.#
#g.# #.# #.# #..# #.# #.#
#..# #.# #.# #..# ..# #.#
#..# ### #.# #... #.# ##.#
#.#


You could see Robin, a hobgoblin (strong) and 5 goblins.

Vanquished Creatures
  An adder (D:2)
  A worm (D:2)
  A dart slug (D:1)
  An orc (D:2)
  5 endoplasms
  3 giant cockroaches
  7 goblins
  4 hobgoblins (D:1)
  A kobold (D:1)
  2 quokkas (D:1)
  4 ball pythons
  2 bats (D:1)
  2 frilled lizards (D:1)
  A rat (D:1)
35 creatures vanquished.

Notes
Turn   | Place    | Note
-------+----------+-------------------------------------------
     0 | D:1      | porpoise the Merfolk Transmuter began the quest for the
                  | Orb.
     0 | D:1      | Reached XP level 1. HP: 15/15 MP: 3/3
   177 | D:1      | Reached XP level 2. HP: 22/22 MP: 5/5
   775 | D:1      | Reached XP level 3. HP: 20/27 MP: 6/6
  1020 | D:2      | Reached skill level 4 in Unarmed Combat
  1197 | D:2      | Found a faded altar of an unknown god.
  1432 | D:2      | Noticed Robin
  1462 | D:2      | Slain by Robin

Illustrated notes

Levels and vault maps discovered:
D:1:      minmay_arrival_solitary_statue, layout_rooms
D:2:      layout_loops_ring, basic_ecumenical_altar,
          nicolae_elevator_lobby_plus, uniq_robin, uniq_terence

Skill      XL: |  1  2  3 |
---------------+----------+-----
Fighting       | 2 |  2.6
Unarmed Combat | 4 |  4.2
Armour         | |  0.7
Dodging        | |  2.6
Spellcasting   | |  2.0
Transmutations | |  2.6

Action                   || total
-------------------------++-------
Melee: Unarmed           ||   108
       Dagger            ||     5
 Fire: Hunting sling     ||    22
  Use: Potion            ||     1
Armor: Ring mail         ||    31
Dodge: Dodged            ||    64

Table legend: (Time is in decaauts)
 A = Elapsed time spent in this place.
 B = Non-inter-level travel time spent in this place.
 C = Inter-level travel time spent in this place.
 D = Time resting spent in this place.
 E = Time spent auto-exploring this place.
 F = Levels seen in this place.
 G = Mean time per level.
                   A        B        C        D        E       F      G
               +--------+--------+--------+--------+--------+-----+--------+
         Total |   1460 |   1456 |      4 |    494 |    619 |   2 |  730.0 |
       Dungeon |   1460 |   1456 |      4 |    494 |    619 |   2 |  730.0 |
               +--------+--------+--------+--------+--------+-----+--------+

Top non-repeatable levels by time:
     D:1: 1006 daAuts
     D:2: 454 daAuts
